 Dungeon Crawl Stone Soup version 0.25.1-2-g60ff931df9 (webtiles) character file.

Game seed: 12831811002422105613

121 Ijustatesigmund the Chopper (level 5, -5/37 HPs)
             Began as an Octopode Fighter on Sept 4, 2020.
             Slain by a worm (10 damage)
             ... on level 2 of the Dungeon on Sept 7, 2020.
             The game lasted 00:03:31 (1656 turns).

Ijustatesigmund the Chopper (Octopode Fighter)      Turns: 1656, Time: 00:03:31

Health: -5/37      AC:  1    Str: 15    XL:     5   Next: 5%
Magic:  5/5        EV: 11    Int: 11    God:
Gold:   66         SH:  9    Dex: 12    Spells: 4/4 levels left

rFire    . . .     SeeInvis .   a - +0 war axe
rCold    . . .     Gourm    .   b - +1 kite shield
rNeg     . . .     Faith    .   (helmet restricted)
rPois    .         Spirit   .   (no amulet)
rElec    .         Reflect  .   (no ring)
rCorr    .         Harm     .   (no ring)
MR       .....                  (no ring)
Stlth    ++........             (no ring)
HPRegen  0.12/turn              (no ring)
MPRegen  0.09/turn              (no ring)
                                (no ring)
                                (no ring)

@: lethally poisoned (-5 -> -7), hasted and slowed
A: almost no armour, stealthy swim, amphibious, 8 rings, constrict 8, camouflage
1, gelatinous body 1
a: no special abilities


You were on level 2 of the Dungeon.
You were not hungry.

You visited 1 branch of the dungeon, and saw 2 of its levels.

You collected 66 gold pieces.

Inventory:

Hand Weapons
 a - a +0 war axe (weapon)
Armour
 b - a +1 kite shield (worn)
 f - a +0 tower shield
Scrolls
 i - 2 scrolls of enchant armour
 k - a scroll of identify
 l - a scroll of blinking
Potions
 c - a potion of invisibility
 e - a potion of magic {unknown}
 g - a potion of flight {unknown}
 j - a potion of might
Comestibles
 d - 4 rations


   Skills:
 + Level 4.0 Fighting
 * Level 4.2 Axes
 - Level 3.0 Dodging
 - Level 3.0 Shields


You had 4 spell levels left.
You didn't know any spells.
Your spell library was empty.

Dungeon Overview and Level Annotations

Branches:
Dungeon (2/15)

Altars:
Cheibriados


Innate Abilities, Weirdness & Mutations

You cannot wear most types of armour.
You are very stealthy in the water. (Stealth+)
You are amphibious.
You can wear up to eight rings at the same time.
You can use your tentacles to constrict eight enemies at once.
Your skin changes colour to match your surroundings (Stealth+).
Your rubbery body absorbs attacks. (AC +1, EV +1)


Message History

The adder is lightly wounded.
You feel sick. The adder bites you. You block the adder's attack.
The adder bites you.
You are too injured to fight recklessly!
You are too injured to fight recklessly!
You are too injured to fight recklessly!
You are too injured to fight recklessly!
You are too injured to fight recklessly!
You are too injured to fight recklessly!
You are too injured to fight recklessly!
You are too injured to fight recklessly!
You are too injured to fight recklessly!
You are too injured to fight recklessly!
You are too injured to fight recklessly!
You feel yourself speed up.
You feel sick. The adder bites you.
* * * LOW HITPOINT WARNING * * *
The adder bites you.
* * * LOW HITPOINT WARNING * * *
The worm bites you!
You die...

.............#..#..#
.............#.###>.
...#.........#.# ..
........##.#.#.# .#
....##...#.....##.#
##.###...##...##..#
#..# #....##...#.#
#.## #....##.....##
#.# #.#.......#@S#
#.#
#.##........w.._...
#.#
#.##........##...#.
..# ##.##.....##..
.... ###
#........##### ...
#####.......## ..
....#.......# .
....#..........
........#...###


You could see a worm and an adder.

Vanquished Creatures
  Natasha (twice) (D:2)
  An orc wizard (D:1)
  2 adders (D:2)
  3 dart slugs (D:1)
  2 orcs (D:1)
  A giant cockroach (D:1)
  2 goblins (D:1)
  2 hobgoblins (D:1)
  3 kobolds
  A bat (D:1)
  4 frilled lizards
  4 rats
27 creatures vanquished.

Notes
Turn   | Place    | Note
-------+----------+-------------------------------------------
     0 | D:1      | Ijustatesigmund the Octopode Fighter began the quest for
                  | the Orb.
     0 | D:1      | Reached XP level 1. HP: 16/16 MP: 1/1
   169 | D:1      | Reached XP level 2. HP: 17/21 MP: 2/2
   921 | D:2      | Reached XP level 3. HP: 26/26 MP: 3/3
  1072 | D:1      | Reached XP level 4. HP: 7/33 MP: 4/4
  1524 | D:2      | Noticed Natasha
  1529 | D:2      | Killed Natasha
  1577 | D:2      | Noticed Natasha
  1645 | D:2      | Killed Natasha
  1645 | D:2      | Reached XP level 5. HP: 37/37 MP: 5/5
  1651 | D:2      | Found a snail-covered altar of Cheibriados.
  1656 | D:2      | Slain by a worm

Illustrated notes

Levels and vault maps discovered:
D:1:      tarquinn_simple_flora_water_a, layout_loops_ring
D:2:      layout_rooms, first_ration, cheibriados_altar_1, uniq_natasha

Skill      XL: |  1  2  3  4 |
---------------+-------------+-----
Axes           | 3 4 |  4.2
Fighting       | 4 |  4.0
Dodging        | |  3.0
Shields        | |  3.0

Action                   |  1- 3 |  4- 6 || total
-------------------------+-------+-------++-------
Melee: War axe           |    33 |    18 ||    51
       Constrict         |    10 |     4 ||    14
       Tentacles         |     5 |     2 ||     7
  Use: Scroll            |     3 |     3 ||     6
       Potion            |     1 |     1 ||     2
 Stab: Sleeping          |     5 |     1 ||     6
  Eat: Chunk             |       |     2 ||     2
Dodge: Dodged            |    10 |     5 ||    15
Block: Kite shield       |    13 |     9 ||    22
